Map: [ESL] Dragon Scales

Players

Has - Winner!

  • Race: Protoss Protoss
  • Spawn Location: 5:00

Nice

  • Race: Protoss Protoss
  • Spawn Location: 11:00

Event: ESL SC2 Masters 2023 Summer (Regionals)

VOD

Have the link to the VOD?

Description

Time

  • Played on: June 13, 2023, 6:34 a.m.
  • Length: 12:52

All games in this series

Show
View Real Time Build Order
Export as new Build Order

Has Protoss - Winner!

Build Orders: 1 Gate Expand, Blink Stalkers, Zealot Archon, Dark Templar Rush 

Get SALT Encoding   

  12  0:00  Probe  
  13  0:12  Probe  
  14  0:20  Pylon  
  14  0:24  Probe (Chrono Boost)  
  15  0:40  Probe (Chrono Boost)  
  15  0:42  Gateway  
  16  0:45  Probe (Chrono Boost)  
  16  0:48  Assimilator  
  17  0:55  Probe  
  18  1:07  Probe  
  19  1:19  Probe  
  20  1:29  Nexus  
  20  1:33  Cybernetics Core  
  20  1:37  Assimilator  
  20  1:40  Probe  
  21  1:49  Pylon  
  21  1:53  Probe (Chrono Boost)  
  22  2:05  Probe (Chrono Boost)  
  22  2:08  Adept (Chrono Boost)  
  23  2:11  Probe (Chrono Boost)  
  23  2:14  Warp Gate  
  26  2:19  Probe  
  27  2:23  Twilight Council  
  27  2:31  Probe  
  28  2:37  Gateway  
  28  2:43  Probe (Chrono Boost)  
  30  2:47  Probe (Chrono Boost)  
  29  2:54  Probe (Chrono Boost), Robotics Facility  
  31  2:59  Probe x2 (Chrono Boost)  
  31  3:05  Stalker  
  34  3:08  Probe  
  34  3:12  Probe  
  36  3:20  Probe  
  36  3:24  Probe  
  36  3:25  Dark Shrine  
  38  3:32  Probe  
  39  3:35  Shield Battery  
  39  3:37  Shield Battery  
  39  3:40  Warp Prism (Chrono Boost)  
  38  3:44  Probe  
  40  3:52  Blink  
  40  3:54  Pylon  
  40  3:56  Probe  
  40  4:01  Pylon  
  41  4:03  Probe  
  41  4:08  Probe (Chrono Boost)  
  41  4:09  Assimilator  
  44  4:19  Gateway x2  
  44  4:21  Probe (Chrono Boost)  
  44  4:23  Probe (Chrono Boost)  
  45  4:29  Probe x2 (Chrono Boost)  
  47  4:37  Dark Templar  
  47  4:38  Dark Templar  
  51  4:41  Forge  
  51  4:43  Observer  
  52  4:52  Probe x2  
  56  5:14  Protoss Ground Weapons Level 1 (Chrono Boost)  
  56  5:17  Stalker x2  
  56  5:18  Stalker  
  56  5:20  Stalker  
  62  5:21  Pylon  
  62  5:23  Pylon  
  62  5:30  Gateway  
  62  5:31  Gateway  
  62  5:32  Gateway  
  62  5:44  Stalker x3  
  68  5:50  Probe  
  68  5:51  Probe  
  68  5:52  Photon Cannon  
  70  6:05  Pylon  
  70  6:06  Nexus  
  70  6:07  Pylon  
  70  6:08  Charge (Chrono Boost)  
  70  6:15  Pylon  
  70  6:18  Stalker x2  
  74  6:19  Stalker  
  74  6:22  Archon  
  74  6:25  Probe x2  
  78  6:31  Gateway  
  78  6:32  Gateway  
  78  6:35  Sentry  
  78  6:37  Probe x2  
  82  6:41  Pylon  
  82  6:50  Probe  
  82  6:51  Observer  
  82  6:53  Probe  
  84  6:57  Photon Cannon  
  84  6:59  Photon Cannon  
  84  7:03  Probe  
  85  7:09  Probe  
  85  7:15  Probe  
  87  7:17  Dark Templar  
  87  7:18  Zealot x4, Dark Templar  
  99  7:23  Archon  
  99  7:25  Probe  
  99  7:29  Pylon  
  100  7:30  Probe  
  100  7:31  Dark Templar  
  100  7:32  Dark Templar  
  100  7:36  Pylon  
  105  7:42  Zealot x2  
  105  7:43  Zealot x2  
  111  7:46  Probe x2  
  113  7:57  Probe, Pylon  
  114  8:01  Zealot x2  
  118  8:06  Probe  
  119  8:14  Probe  
  119  8:15  Probe  
  119  8:17  Nexus  
  117  8:20  Pylon, Protoss Ground Weapons Level 2 (Chrono Boost)  
  117  8:21  Zealot x4  
  125  8:32  Stargate  
  125  8:34  Stargate  
  123  8:43  Archon  
  123  8:45  Probe  
  123  8:46  Probe  
  123  8:47  Probe  
  126  8:59  Zealot x3  
  126  9:00  Zealot x4  
  140  9:08  Probe x3  
  141  9:20  Probe x2  
  135  9:28  Zealot x8  
  135  9:29  Phoenix (Chrono Boost)  
  135  9:30  Phoenix (Chrono Boost)  
  127  9:50  Zealot x3  
  127  9:51  Phoenix x2 (Chrono Boost), Zealot x5  
  127  9:52  Probe  
  124  9:53  Probe x2  
  114  10:09  Phoenix x2 (Chrono Boost)  
  118  10:14  Zealot x3  
  118  10:15  Zealot x5  
  120  10:33  Phoenix x2 (Chrono Boost)  
  120  10:34  Zealot x3  
  120  10:35  Zealot x5  
  130  10:37  Immortal (Chrono Boost)  
  130  10:44  Observer  
  130  10:45  Gateway  
  130  10:47  Gateway  
  128  10:55  Zealot  
  128  10:56  Zealot x5  
  140  10:58  Zealot  
  140  11:03  Stalker  
  140  11:09  Immortal (Chrono Boost)  
  144  11:19  Stalker x5  
  144  11:23  Stalker  
  144  11:24  Stalker  
  158  11:33  Stalker  
  160  11:40  Pylon  
  160  11:43  Stalker x4  
  168  11:47  Stalker  
  168  11:49  Zealot  
  168  11:54  Pylon  
  172  12:05  Stalker  
  172  12:06  Stalker x2  
  144  12:20  Zealot x7  
  138  12:28  Zealot x2  
  138  12:29  Zealot  
  119  12:49  Zealot x2  
Show
View Real Time Build Order
Export as new Build Order

Nice Protoss 

Build Orders: 1 Gate Expand 

Get SALT Encoding   

  12  0:00  Probe  
  13  0:12  Probe  
  14  0:20  Pylon  
  14  0:24  Probe  
  15  0:38  Probe (Chrono Boost)  
  15  0:39  Gateway  
  16  0:48  Assimilator  
  16  0:49  Probe (Chrono Boost)  
  17  0:53  Probe (Chrono Boost)  
  18  1:04  Probe  
  19  1:17  Probe  
  20  1:21  Pylon  
  20  1:26  Cybernetics Core  
  22  1:39  Nexus  
  20  1:45  Assimilator  
  20  1:47  Probe  
  21  1:59  Probe, Adept (Chrono Boost)  
  22  2:05  Warp Gate  
  24  2:11  Probe  
  25  2:19  Stalker (Chrono Boost)  
  27  2:23  Probe  
  28  2:30  Gateway  
  28  2:36  Probe  
  29  2:39  Pylon  
  29  2:47  Stalker  
  32  2:52  Probe (Chrono Boost)  
  32  2:53  Probe (Chrono Boost)  
  33  3:04  Shield Battery  
  34  3:07  Probe x2 (Chrono Boost)  
  34  3:12  Probe (Chrono Boost)  
  34  3:15  Probe  
  35  3:26  Probe (Chrono Boost)  
  34  3:27  Probe (Chrono Boost)  
  34  3:34  Twilight Council  
  33  3:38  Probe (Chrono Boost)  
  33  3:40  Probe (Chrono Boost)  
  35  3:42  Probe (Chrono Boost)  
  35  3:47  Probe (Chrono Boost)  
  37  3:53  Sentry x2  
  37  3:54  Shield Battery  
  42  3:57  Probe (Chrono Boost)  
  42  3:59  Robotics Facility  
  42  4:00  Probe (Chrono Boost)  
  43  4:06  Probe (Chrono Boost)  
  43  4:08  Probe (Chrono Boost)  
  45  4:13  Blink (Chrono Boost)  
  45  4:14  Probe  
  46  4:17  Probe  
  46  4:22  Forge  
  47  4:26  Probe, Assimilator  
  48  4:31  Gateway  
  48  4:32  Probe  
  48  4:37  Gateway  
  49  4:40  Probe  
  49  4:44  Stalker  
  52  4:46  Observer (Chrono Boost)  
  52  4:47  Probe  
  52  4:52  Pylon  
  54  4:54  Protoss Ground Weapons Level 1  
  54  5:03  Probe, Pylon  
  52  5:08  Pylon  
  52  5:09  Stalker  
  47  5:23  Probe  
  49  5:29  Probe (Chrono Boost)  
  49  5:35  Probe (Chrono Boost)  
  51  5:44  Probe (Chrono Boost)  
  51  5:45  Probe (Chrono Boost), Immortal (Chrono Boost)  
  51  5:49  Probe (Chrono Boost)  
  56  5:51  Probe  
  58  6:01  Probe  
  58  6:02  Robotics Bay  
  58  6:04  Probe  
  60  6:07  Assimilator  
  60  6:09  Photon Cannon  
  60  6:13  Probe  
  60  6:17  Immortal (Chrono Boost)  
  65  6:20  Probe  
  66  6:26  Pylon  
  66  6:27  Probe  
  66  6:32  Probe  
  68  6:34  Shield Battery  
  68  6:39  Stalker, Sentry  
  72  6:41  Shield Battery  
  72  6:48  Observer  
  72  6:51  Disruptor (Chrono Boost)  
  72  6:52  Pylon  
  75  6:56  Stalker  
  75  6:57  Observer  
  75  7:00  Pylon  
  77  7:11  Protoss Ground Weapons Level 2  
  77  7:14  Stalker x2  
  81  7:17  Photon Cannon  
  81  7:25  Probe x2, Disruptor (Chrono Boost)  
  86  7:43  Probe x2  
  84  7:45  Pylon  
  84  7:46  Nexus  
  84  7:53  Disruptor (Chrono Boost)  
  84  7:55  Probe x2  
  89  8:07  Probe x2  
  90  8:13  Stalker x3  
  90  8:14  Stalker  
  90  8:19  Probe  
  97  8:26  Disruptor (Chrono Boost)  
  97  8:31  Probe x2  
  102  8:38  Pylon  
  102  8:39  Pylon  
  98  8:42  Stalker x2  
  98  8:46  Shield Battery  
  98  8:47  Shield Battery  
  101  8:53  Disruptor (Chrono Boost)  
  101  9:01  Pylon  
  104  9:08  Nexus  
  104  9:10  Stalker x3  
  110  9:19  Disruptor (Chrono Boost)  
  106  9:31  Stalker  
  106  9:33  Probe x2, Shield Battery  
  106  9:42  Stalker x2  
  106  9:45  Probe  
  108  10:05  Nexus  
  108  10:06  Pylon  
  108  10:07  Pylon  
  108  10:09  Stalker  
  110  10:25  Disruptor, Stalker  
  110  10:35  Stalker  
  107  10:36  Stalker x2  
  107  10:38  Shield Battery  
  107  10:40  Probe x2, Photon Cannon x2  
  111  10:44  Pylon, Shield Battery  
  111  10:52  Probe x2, Stalker  
  114  11:01  Stalker x2  
  114  11:03  Disruptor (Chrono Boost)  
  120  11:10  Photon Cannon  
  120  11:16  Probe  
  120  11:17  Probe  
  123  11:20  Observer  
  123  11:21  Robotics Facility  
  123  11:24  Probe  
  123  11:30  Templar Archives  
  123  11:36  Assimilator  
  123  11:37  Assimilator  
  123  11:38  Pylon  
  123  11:42  Observer (Chrono Boost)  
  123  11:45  Stalker x2  
  128  11:50  Pylon  
  128  11:57  Pylon  
  128  12:04  Stalker x2  
  110  12:15  Disruptor  
  110  12:19  Stalker x2  
  100  12:27  Stalker  
  100  12:28  Stalker  
  72  12:38  Probe  
Tags
 
Add a new tag
Caveats
  • Supply blocks, unpowered buildings, or Contaminate may cause inaccurate times.
  • Supply counts are checked every 10 seconds.